TOP OF THE 1ST |
Phoenix Hotspur Youth batting - Pitching for Springfield Shooters : LHP George Boone
|
Pitching: LHP George Boone
|
|
Batting: RHB David Rivas
|
0-0: Ball 1-0: SINGLE (Flyball, 7LM)
|
Batting: RHB Al Thomas
|
0-0: Foul Ball, location: 2F 0-1: Swinging Strike 0-2: Ball 1-2: Ball 2-2: Foul Ball, location: 2F 2-2: Ball 3-2: Fly out, F4 (Popup, 34D)
|
Batting: LHB Derek Blair
|
0-0: Called Strike 0-1: Ball 1-1: Ball 2-1: Foul Ball, location: 2F 2-2: Ground out 6-3 (Groundball, 4M) David Rivas to second
|
Batting: RHB Javier González
|
0-0: Ball 1-0: Called Strike 1-1: Foul Ball, location: 2F 1-2: Ball 2-2: Ball 3-2: Foul Ball, location: 2F 3-2: Foul Ball, location: 2F 3-2: SINGLE (Flyball, 78S) David Rivas to third David Rivas scores
|
Batting: SHB Pedro Gómez
|
0-0: Foul Ball, location: 2F 0-1: Ball 1-1: Ball 2-1: Ball 3-1: DOUBLE (Flyball, 78XD) Javier González to third Runner from 3rd tries for Home, SAFE, no throw or cutoff
|
Pinch Runner at 2nd Dan Perkins:
|
|
Batting: RHB António Padilla
|
0-0: Ball 1-0: DOUBLE (Line Drive, 89M) Dan Perkins scores
|
Batting: RHB Alfredo Martínez
|
0-0: Ball 1-0: Called Strike 1-1: Ball 2-1: Ball 3-1: Base on Balls
|
Batting: RHB Satoshi Terada
|
0-0: Ball 1-0: Called Strike 1-1: Ball 2-1: SINGLE (Line Drive, 6) António Padilla to third Alfredo Martínez to second Runner from 3rd tries for Home, SAFE, no throw or cutoff
|
Batting: RHB Jesús Álvarez
|
0-0: Fly out, F8 (Flyball, 78M)
|
Top of the 1st over - 4 run(s), 5 hit(s), 0 error(s), 2 left on base; Phoenix Hotspur 4 - Springfield 0 |
BOTTOM OF THE 1ST |
Springfield Shooters batting - Pitching for Phoenix Hotspur Youth : RHP Howard Allen
|
Pitching: RHP Howard Allen
|
|
Now at SS: Dan Perkins
|
|
Batting: LHB Torquato Villani
|
0-0: Ground out 4-3 (Groundball, 4)
|
Batting: RHB Roy Herring
|
0-0: Called Strike 0-1: Foul Ball, location: 2F 0-2: Ball 1-2: Ball 2-2: Foul Ball, location: 2F 2-2: Foul Ball, location: 2F 2-2: Ground out 6-3 (Groundball, 6)
|
Batting: RHB Tom Potts
|
0-0: Ball 1-0: Ball 2-0: SINGLE (Groundball, 56) (infield hit)
|
Batting: RHB José López
|
0-0: SINGLE (Groundball, 56D) Tom Potts to second
|
Batting: RHB Ethan Miller
|
0-0: Called Strike 0-1: Ball 1-1: Swinging Strike 1-2: Strikes out swinging
|
Bottom of the 1st over - 0 run(s), 2 hit(s), 0 error(s), 2 left on base; Phoenix Hotspur 4 - Springfield 0 |
TOP OF THE 2ND |
Phoenix Hotspur Youth batting - Pitching for Springfield Shooters : LHP George Boone
|
Batting: RHB David Rivas
|
0-0: Ball 1-0: Ball 2-0: Fly out, F3 (Popup, 3DF)
|
Batting: RHB Al Thomas
|
0-0: Foul Ball, location: 2F 0-1: Ball 1-1: Foul Ball, location: 2F 1-2: Foul Ball, location: 2F 1-2: Foul Ball, location: 2F 1-2: Ball 2-2: SINGLE (Groundball, 34D)
|
Batting: LHB Derek Blair
|
0-0: Swinging Strike 0-1: Swinging Strike 0-2: Foul Ball, location: 2F 0-2: Strikes out swinging
|
Batting: RHB Javier González
|
0-0: Ball 1-0: Ball 2-0: Ground out 6-3 (Groundball, 6)
|
Top of the 2nd over - 0 run(s), 1 hit(s), 0 error(s), 1 left on base; Phoenix Hotspur 4 - Springfield 0 |
BOTTOM OF THE 2ND |
Springfield Shooters batting - Pitching for Phoenix Hotspur Youth : RHP Howard Allen
|
Batting: RHB Frank Crocker
|
0-0: Ground out 5-3 (Groundball, 56)
|
Batting: LHB Ray Anderson
|
0-0: Called Strike 0-1: Called Strike 0-2: Foul Ball, location: 2F 0-2: Foul Ball, location: 2F 0-2: Ball 1-2: Foul Ball, location: 2F 1-2: SINGLE (Groundball, 6MD)
|
Batting: RHB Roberto Alonzo
|
0-0: Called Strike 0-1: Ball Wild Pitch! Ray Anderson to second 1-1: Ground out 4-3 (Groundball, 34) Ray Anderson to third
|
Batting: SHB Jack Bell
|
0-0: DOUBLE (Line Drive, 7LM) Ray Anderson scores
|
Batting: LHB Torquato Villani
|
0-0: Ball 1-0: Foul Ball, location: 2F 1-1: Swinging Strike 1-2: Ball 2-2: Strikes out looking
|
Bottom of the 2nd over - 1 run(s), 2 hit(s), 0 error(s), 1 left on base; Phoenix Hotspur 4 - Springfield 1 |
TOP OF THE 3RD |
Phoenix Hotspur Youth batting - Pitching for Springfield Shooters : LHP George Boone
|
Batting: RHB Dan Perkins
|
0-0: Ball 1-0: Foul Ball, location: 2F 1-1: SINGLE (Flyball, 8LS)
|
Batting: RHB António Padilla
|
0-0: SINGLE (Line Drive, 7S) Dan Perkins to second
|
Batting: RHB Alfredo Martínez
|
0-0: Called Strike 0-1: Ball 1-1: Fly out, F9 (Flyball, 89M)
|
Batting: RHB Satoshi Terada
|
0-0: Called Strike Dan Perkins steals 3rd base António Padilla to second 0-1: Foul Ball, location: 2F 0-2: Ball 1-2: Ball 2-2: Strikes out swinging
|
Batting: RHB Jesús Álvarez
|
0-0: Ball 1-0: Ball 2-0: Called Strike 2-1: Foul Ball, location: 2F 2-2: Ball 3-2: Strikes out swinging
|
Top of the 3rd over - 0 run(s), 2 hit(s), 0 error(s), 2 left on base; Phoenix Hotspur 4 - Springfield 1 |
BOTTOM OF THE 3RD |
Springfield Shooters batting - Pitching for Phoenix Hotspur Youth : RHP Howard Allen
|
Batting: RHB Roy Herring
|
0-0: SINGLE (Line Drive, 78S)
|
Batting: RHB Tom Potts
|
0-0: Ball 1-0: Ball 2-0: SINGLE (Groundball, 6MD) Roy Herring to second
|
Batting: RHB José López
|
0-0: Fly out, F6 (Popup, 8LS)
|
Batting: RHB Ethan Miller
|
0-0: Ball 1-0: SINGLE (Groundball, 34S) Roy Herring to third Tom Potts to second Runner from 3rd tries for Home, SAFE, throw made home Tom Potts to third Ethan Miller to second
|
Batting: RHB Frank Crocker
|
0-0: Swinging Strike 0-1: Ground out 5-3 (Groundball, 15S) Tom Potts scores Ethan Miller to third
|
Batting: LHB Ray Anderson
|
0-0: Ball 1-0: Called Strike 1-1: Ground out 3-1 (Groundball, 3)
|
Bottom of the 3rd over - 2 run(s), 3 hit(s), 0 error(s), 1 left on base; Phoenix Hotspur 4 - Springfield 3 |
TOP OF THE 4TH |
Phoenix Hotspur Youth batting - Pitching for Springfield Shooters : LHP George Boone
|
Batting: RHB David Rivas
|
0-0: Bunt for hit - play at first, batter safe!
|
Batting: RHB Al Thomas
|
0-0: Ball 1-0: Swinging Strike 1-1: Ball 2-1: Ball 3-1: Foul Ball, location: 2F 3-2: Strikes out looking David Rivas steals 2nd base Batter strikes out.
|
Batting: LHB Derek Blair
|
0-0: Ball 1-0: Called Strike 1-1: Called Strike 1-2: Ball 2-2: Ball 3-2: SINGLE (Groundball, 13) (infield hit) David Rivas to third
|
Batting: RHB Javier González
|
0-0: Called Strike 0-1: Fly out, F6 (Popup, 8RS)
|
Batting: RHB Dan Perkins
|
0-0: Ball 1-0: Ball 2-0: Ball 3-0: Swinging Strike 3-1: Base on Balls Derek Blair to second
|
Pitching: RHP Sam Green
|
|
Batting: RHB António Padilla
|
0-0: Called Strike 0-1: Swinging Strike 0-2: Ball 1-2: Strikes out swinging
|
Top of the 4th over - 0 run(s), 2 hit(s), 0 error(s), 3 left on base; Phoenix Hotspur 4 - Springfield 3 |
BOTTOM OF THE 4TH |
Springfield Shooters batting - Pitching for Phoenix Hotspur Youth : RHP Howard Allen
|
Batting: RHB Roberto Alonzo
|
0-0: Swinging Strike 0-1: Ball 1-1: Swinging Strike 1-2: Strikes out swinging
|
Batting: SHB Jack Bell
|
0-0: Fly out, F6 (Line Drive, 6)
|
Batting: LHB Torquato Villani
|
0-0: Ball 1-0: Called Strike 1-1: Ball 2-1: Ball 3-1: Swinging Strike 3-2: Foul Ball, location: 2F 3-2: Base on Balls
|
Batting: RHB Roy Herring
|
0-0: Called Strike 0-1: Foul Ball, location: 2F 0-2: Ball 1-2: Fly out, F7 (Flyball, 78M)
|
Bottom of the 4th over - 0 run(s), 0 hit(s), 0 error(s), 1 left on base; Phoenix Hotspur 4 - Springfield 3 |
TOP OF THE 5TH |
Phoenix Hotspur Youth batting - Pitching for Springfield Shooters : RHP Sam Green
|
Batting: RHB Alfredo Martínez
|
0-0: Called Strike 0-1: Ball 1-1: Called Strike 1-2: Ball 2-2: Foul Ball, location: 2F 2-2: Foul Ball, location: 2F 2-2: Ball 3-2: Fly out, F8 (Popup, 8RS)
|
Batting: RHB Satoshi Terada
|
0-0: SINGLE (Line Drive, 34D)
|
Batting: RHB Jesús Álvarez
|
0-0: Called Strike 0-1: Ball 1-1: SINGLE (Flyball, 8RS) Satoshi Terada to second
|
Batting: RHB David Rivas
|
0-0: Called Strike 0-1: Called Strike 0-2: Strikes out swinging
|
Batting: RHB Al Thomas
|
0-0: Ball 1-0: Called Strike 1-1: Ball 2-1: Swinging Strike 2-2: Ball 3-2: SINGLE (Groundball, 13) (infield hit) Satoshi Terada to third Jesús Álvarez to second
|
Batting: LHB Derek Blair
|
0-0: Ball 1-0: Ball 2-0: Ball 3-0: Called Strike 3-1: Called Strike 3-2: SINGLE (Line Drive, 9LS) Satoshi Terada scores Jesús Álvarez to third Al Thomas to second Jesús Álvarez scores Al Thomas to third
|
Batting: RHB Javier González
|
0-0: SINGLE (Groundball, 6M) Al Thomas scores Derek Blair to second Runner from 2nd tries for 3rd, SAFE, throw made to third
|
Batting: RHB Dan Perkins
|
0-0: Called Strike 0-1: Ball 1-1: Fly out, F7 (Popup, 5D)
|
Top of the 5th over - 3 run(s), 5 hit(s), 0 error(s), 2 left on base; Phoenix Hotspur 7 - Springfield 3 |
BOTTOM OF THE 5TH |
Springfield Shooters batting - Pitching for Phoenix Hotspur Youth : RHP Howard Allen
|
Batting: RHB Tom Potts
|
0-0: Ball 1-0: Ball 2-0: Called Strike 2-1: Ball 3-1: Base on Balls
|
Batting: RHB José López
|
0-0: Ball 1-0: Called Strike Tom Potts steals 2nd base 1-1: Called Strike 1-2: DOUBLE (Line Drive, 78XD) Tom Potts scores
|
Batting: RHB Ethan Miller
|
0-0: Ball 1-0: Ground out 6-3 (Groundball, 6)
|
Batting: RHB Frank Crocker
|
0-0: Ball 1-0: Ball 2-0: Ball 3-0: Called Strike 3-1: Base on Balls
|
Batting: LHB Ray Anderson
|
0-0: Fielders Choice at 2nd, 3-6 (Groundball, 34) José López to third
|
Batting: RHB Roberto Alonzo
|
0-0: Called Strike 0-1: SINGLE (Line Drive, 89S) José López scores Ray Anderson to second
|
Batting: SHB Jack Bell
|
0-0: Called Strike 0-1: Swinging Strike 0-2: Ball 1-2: Foul Ball, location: 2F 1-2: Strikes out swinging
|
Bottom of the 5th over - 2 run(s), 2 hit(s), 0 error(s), 2 left on base; Phoenix Hotspur 7 - Springfield 5 |
TOP OF THE 6TH |
Phoenix Hotspur Youth batting - Pitching for Springfield Shooters : RHP Sam Green
|
Pitching: RHP Landon Larson
|
|
Batting: RHB António Padilla
|
0-0: Called Strike 0-1: Called Strike 0-2: Ball 1-2: Foul Ball, location: 2F 1-2: Fly out, F8 (Flyball, 8LM)
|
Batting: RHB Alfredo Martínez
|
0-0: Ball 1-0: Foul Ball, location: 2F 1-1: Ball 2-1: Foul Ball, location: 2F 2-2: Ball 3-2: Strikes out swinging
|
Batting: RHB Satoshi Terada
|
0-0: Fly out, F9 (Flyball, 89M)
|
Top of the 6th over - 0 run(s), 0 hit(s), 0 error(s), 0 left on base; Phoenix Hotspur 7 - Springfield 5 |
BOTTOM OF THE 6TH |
Springfield Shooters batting - Pitching for Phoenix Hotspur Youth : RHP Howard Allen
|
Batting: LHB Torquato Villani
|
0-0: Called Strike 0-1: Ball 1-1: Bunt for hit - play at first, batter OUT! 1-3
|
Batting: RHB Roy Herring
|
0-0: SINGLE (Groundball, 34)
|
Batting: RHB Tom Potts
|
0-0: Called Strike 0-1: Swinging Strike 0-2: Ball 1-2: Strikes out swinging
|
Batting: RHB José López
|
0-0: SINGLE (Line Drive, 8LS) Roy Herring to second Roy Herring to third
|
Batting: RHB Ethan Miller
|
0-0: Ball Wild Pitch! Roy Herring scores José López to second 1-0: Swinging Strike 1-1: Ball 2-1: Ground out 4-3 (Groundball, 4M)
|
Bottom of the 6th over - 1 run(s), 2 hit(s), 0 error(s), 1 left on base; Phoenix Hotspur 7 - Springfield 6 |
TOP OF THE 7TH |
Phoenix Hotspur Youth batting - Pitching for Springfield Shooters : RHP Landon Larson
|
Batting: RHB Jesús Álvarez
|
0-0: Called Strike 0-1: Ball 1-1: Called Strike 1-2: Ball 2-2: Strikes out looking
|
Batting: RHB David Rivas
|
0-0: Foul Ball, location: 2F 0-1: Ground out 1-3 (Groundball, 13S)
|
Batting: RHB Al Thomas
|
0-0: Ball 1-0: Foul Ball, location: 2F 1-1: Ball 2-1: Ground out 1-3 (Groundball, 13)
|
Top of the 7th over - 0 run(s), 0 hit(s), 0 error(s), 0 left on base; Phoenix Hotspur 7 - Springfield 6 |
BOTTOM OF THE 7TH |
Springfield Shooters batting - Pitching for Phoenix Hotspur Youth : RHP Howard Allen
|
Pitching: LHP Bryan Jones
|
|
Batting: RHB Frank Crocker
|
0-0: Foul Ball, location: 2F 0-1: Ball 1-1: Foul Ball, location: 2F 1-2: SINGLE (Line Drive, 4MD)
|
Pinch Hitting: RHB Javier Vásquez
|
0-0: Bunted foul 0-1: Sac Bunt - play at second, runner OUT! 1-6
|
Batting: RHB Roberto Alonzo
|
0-0: Fly out, F4 (Popup, 4)
|
Pinch Hitting: RHB Jack Sloan
|
0-0: Ball 1-0: Ground out 6-3 (Groundball, 6)
|
Bottom of the 7th over - 0 run(s), 1 hit(s), 0 error(s), 1 left on base; Phoenix Hotspur 7 - Springfield 6 |
TOP OF THE 8TH |
Phoenix Hotspur Youth batting - Pitching for Springfield Shooters : RHP Landon Larson
|
Now at 2B: Javier Vásquez
|
|
Batting: LHB Derek Blair
|
0-0: Foul Ball, location: 2F
|
Now at SS: Albert Santos
|
0-1: Called Strike 0-2: Foul Ball, location: 2F 0-2: Strikes out looking
|
Batting: RHB Javier González
|
0-0: Ground out 5-3 (Groundball, 5S)
|
Batting: RHB Dan Perkins
|
0-0: Swinging Strike 0-1: Ball 1-1: Foul Ball, location: 2F 1-2: Ground out 1-3 (Groundball, 34S)
|
Top of the 8th over - 0 run(s), 0 hit(s), 0 error(s), 0 left on base; Phoenix Hotspur 7 - Springfield 6 |
BOTTOM OF THE 8TH |
Springfield Shooters batting - Pitching for Phoenix Hotspur Youth : LHP Bryan Jones
|
Batting: LHB Torquato Villani
|
0-0: Called Strike 0-1: Ball 1-1: Called Strike 1-2: Fly out, F5 (Popup, 5F)
|
Pitching: RHP Jaime van de Weideven
|
|
Batting: RHB Roy Herring
|
0-0: Called Strike 0-1: Called Strike 0-2: Ball 1-2: Foul Ball, location: 2F 1-2: Foul Ball, location: 2F 1-2: Strikes out swinging
|
Batting: RHB Tom Potts
|
0-0: Ball 1-0: Fly out, F8 (Flyball, 78D)
|
Bottom of the 8th over - 0 run(s), 0 hit(s), 0 error(s), 0 left on base; Phoenix Hotspur 7 - Springfield 6 |
TOP OF THE 9TH |
Phoenix Hotspur Youth batting - Pitching for Springfield Shooters : RHP Landon Larson
|
Pitching: RHP Sun-taek Ch'oe
|
|
Batting: RHB António Padilla
|
0-0: Foul Ball, location: 2F 0-1: Foul Ball, location: 2F 0-2: Ground out 5-3 (Groundball, 56S)
|
Batting: RHB Alfredo Martínez
|
0-0: Ball 1-0: Called Strike 1-1: Called Strike 1-2: Strikes out swinging
|
Batting: RHB Satoshi Terada
|
0-0: Called Strike 0-1: Ball 1-1: Swinging Strike 1-2: Ball 2-2: SINGLE (Flyball, 89S)
|
Pinch Hitting: LHB Arthur Ryan
|
0-0: Ball 1-0: Ball 2-0: Ball 3-0: Called Strike 3-1: Fly out, F6 (Popup, 6M)
|
Top of the 9th over - 0 run(s), 1 hit(s), 0 error(s), 1 left on base; Phoenix Hotspur 7 - Springfield 6 |
BOTTOM OF THE 9TH |
Springfield Shooters batting - Pitching for Phoenix Hotspur Youth : RHP Jaime van de Weideven
|
Pitching: RHP Oliver Huerta
|
|
Now at 2B: Cristo Aponte
|
|
Batting: RHB José López
|
0-0: Foul Ball, location: 2F 0-1: Foul Ball, location: 2F 0-2: SINGLE (Flyball, 8LS)
|
Batting: RHB Ethan Miller
|
0-0: Called Strike 0-1: Foul Ball, location: 2F 0-2: Reached on error, E1 (Groundball, 23) José López to second
|
Batting: RHB Frank Crocker
|
0-0: Bunted foul 0-1: Sac Bunt - play at first, batter OUT! 1-4 José López to third Ethan Miller to second
|
Pinch Hitting: LHB Ismael Dolit
|
0-0: Foul Ball, location: 2F 0-1: Ball 1-1: Ball 2-1: Called Strike 2-2: Ball 3-2: SINGLE (Groundball, 6MD) José López scores Ethan Miller to third Runner from 3rd tries for Home, SAFE, throw made home
|
|